 Dungeon Crawl Stone Soup version 0.19-a0-1704-gbd66c22 (webtiles) character file.

10434 Ryco the Thaumaturge (level 11, -7/60 HPs)
             Began as a Deep Elf Fire Elementalist on Sept 27, 2016.
             Was a Believer of Vehumet.
             Mangled by a death yak (22 damage)
             ... on level 4 of the Lair of Beasts.
             The game lasted 00:39:48 (5789 turns).

Ryco the Thaumaturge (Deep Elf Fire Elementalist)   Turns: 5789, Time: 00:39:49

Health: -7/60      AC:  8    Str:  5    XL:     11   Next: 36%
Magic:  13/31      EV: 19    Int: 24    God:    Vehumet [**....]
Gold:   284        SH:  0    Dex: 15    Spells: 5 memorised, 22 levels left

rFire  + . .     SeeInvis .     a - +1 short sword (venom)
rCold  + . .     Gourm    .     i - +0 robe
rNeg   + . .     Faith    .     (no shield)
rPois  .         Spirit   .     m - +1 hat
rElec  .         Dismiss  .     (no cloak)
rCorr  .         Reflect  .     v - +0 pair of gloves
MR     +....     Harm     .     l - +2 pair of boots
Stlth  ++........               D - amulet of rage
                                x - ring of protection from cold
                                f - ring of Wywev {rF+ rN+}

@: no status effects
A: no striking features
a: Renounce Religion, Evoke Berserk Rage


You were on level 4 of the Lair of Beasts.
You worshipped Vehumet.
Vehumet was pleased with you.
You were hungry.

You visited 3 branches of the dungeon, and saw 13 of its levels.
You also visited: Sewer.

You collected 284 gold pieces.

Inventory:

Hand Weapons
 a - a +1 short sword of venom (weapon)
 b - a +0 trident
 j - a +2 flail of holy wrath
 H - a +0 quick blade
Missiles
 k - 4 javelins (quivered)
Armour
 i - a +0 robe (worn)
 l - a +2 pair of boots (worn)
 m - a +1 hat (worn)
 n - a +0 buckler
 v - a +0 pair of gloves (worn)
Jewellery
 f - the ring of Wywev (left hand) {rF+ rN+}
   (You found it in a sewer)

   [ring of protection from fire]

   It protects you from fire.
   It protects you from negative energy.
 h - an uncursed ring of ice
 s - an uncursed ring of positive energy
 x - a ring of protection from cold (right hand)
 D - an amulet of rage (around neck)
Wands
 t - a wand of random effects (20/48)
 I - a wand of iceblast (1/15)
 K - a wand of disintegration (9/24)
Scrolls
 d - 9 scrolls of remove curse
 o - 3 scrolls of immolation
 q - 3 scrolls of fear {unknown}
 r - a scroll of teleportation
 w - 3 scrolls of random uselessness {unknown}
 y - 2 scrolls of enchant armour {unknown}
 C - a scroll of amnesia {unknown}
 E - 3 scrolls of recharging {unknown}
Potions
 e - a potion of ambrosia
 p - a potion of brilliance
 u - a potion of invisibility {unknown}
 A - 2 potions of haste {unknown}
 F - a potion of might {unknown}
 G - a potion of flight {unknown}
 J - a potion of mutation {unknown}
 L - a potion of cancellation {unknown}
Books
 z - a book of Flames

   Spells                             Type                      Level
   a - Flame Tongue                   Conjuration/Fire             1
   b - Throw Flame                    Conjuration/Fire             2
   c - Conjure Flame                  Conjuration/Fire             3
   d - Inner Flame                    Hexes/Fire                   3
   e - Sticky Flame                   Conjuration/Fire             4
   f - Fireball                       Conjuration/Fire             5
Comestibles
 c - 5 bread rations
 g - 3 meat rations
 B - 17 fruits


   Skills:
 + Level 3.3 Fighting
 * Level 10.6 Dodging
 - Level 2.4 Stealth
 + Level 14.1 Spellcasting
 - Level 8.4 Conjurations
 - Level 8.3 Fire Magic
 + Level 1.0 Evocations


You had 22 spell levels left.
You knew the following spells:

 Your Spells              Type           Power        Failure   Level  Hunger
a - Flame Tongue          Conj/Fire      #####        1%          1    None
c - Conjure Flame         Conj/Fire      ######..     1%          3    None
f - Fireball              Conj/Fire      ######....   3%          5    ##.....
i - Inner Flame           Hex/Fire       #####...     1%          3    None
s - Sticky Flame          Conj/Fire      ######..     1%          4    None


Dungeon Overview and Level Annotations

Branches:
Dungeon (8/15)             Temple (1/1) D:7            Lair (4/6) D:8
 Shoals (0/4) Lair:3        Snake (0/4) Lair:3

Altars:
Dithmenos
Fedhas
Makhleb
Okawaru
Qazlal
Uskayaw
Vehumet
Yredelemnul

Shops:
D:5 }}

Annotations:
D:7 fly
Lair:3 Gorfmaster's ghost, journeyman TrMo


Message History

The death yak is engulfed in roaring flames.
The death yak gores you!
You hit the death yak but do no damage.
The death yak is poisoned.
The death yak is moderately wounded.
The death yak burns!
The death yak is engulfed in roaring flames.
The death yak gores you.
* * * LOW HITPOINT WARNING * * *
A death yak comes into view.
Okay, then.
Unknown command.
The death yak burns!
The death yak is engulfed in roaring flames.
The death yak burns!
The death yak gores you.
* * * LOW HITPOINT WARNING * * *
The death yak burns!
The death yak stops burning.
The death yak is engulfed in roaring flames.
You are feeling hungry.
The death yak gores you!!
You die...

..(#.....÷†...P.P♣...#
........<.♣....Y♣....#
....#...#.......§....#
...#...##P..#####Y..##
#.###.#.....####...## #
###................###.###
.#.............Y.......# .
..............Y.......#
..............@.......P#
.............#...######
.......#...###.##
...........# ###
........... ..... ....
...P


You could see 3 death yaks.

Vanquished Creatures
  A hydra (Lair:3)
  2 death yaks
  A hill giant (D:8)
  2 black mambas
  5 spiny frogs
  A rime drake (Lair:4)
  A komodo dragon (Lair:4)
  2 hippogriffs
  A blink frog (Lair:1)
  4 spriggans (Lair:3)
  4 yaks (Lair:1)
  Edmund (D:6)
  3 porcupines
  5 water moccasins
  2 sky beasts
  A black bear (Lair:3)
  2 phantoms
  An ogre (D:6)
  7 centaurs (D:7)
  3 wolves
  2 crocodiles
  A big kobold (D:7)
  Blork the orc (D:5)
  5 bullfrogs
  2 scorpions (D:4)
  6 killer bees (D:8)
  A crimson imp (D:8)
  A hound (D:4)
  An orc priest (D:4)
  2 jellies
  An iguana (D:5)
  2 orc wizards (D:4)
  4 worker ants
  8 adders
  A river rat (Lair:3)
  A shadow imp (D:6)
  An adder zombie (D:5)
  An ooze (D:5)
  4 worms
  A leopard gecko (D:5)
  5 orcs
  3 giant cockroaches
  5 goblins
  5 hobgoblins
  6 jackals
  10 kobolds
  8 quokkas
  4 ball pythons
  5 bats
  3 frilled lizards
  A jackal skeleton (D:5)
  A quokka skeleton (D:4)
  A quokka zombie (D:8)
  10 rats
162 creatures vanquished.

Vanquished Creatures (others)
  A plant (Lair:4)
1 creature vanquished.

Grand Total: 163 creatures vanquished

Notes
Turn   | Place    | Note
-------+----------+-------------------------------------------
     0 | D:1      | Ryco the Deep Elf Fire Elementalist began the quest for the Orb.
     0 | D:1      | Reached XP level 1. HP: 10/10 MP: 6/6
   105 | D:2      | Found a shadowy altar of Dithmenos.
   140 | D:2      | Reached XP level 2. HP: 15/15 MP: 2/8
   226 | D:2      | Reached XP level 3. HP: 19/19 MP: 6/10
   367 | D:2      | Found a basalt altar of Yredelemnul.
   369 | D:2      | Found a stormy altar of Qazlal.
   400 | D:2      | Learned a level 3 spell: Conjure Flame
   445 | D:3      | Found a glowing drain.
   456 | Sewer    | Entered a sewer
   470 | Sewer    | Reached skill level 4 in Spellcasting
   508 | Sewer    | Noticed a crocodile
   585 | Sewer    | Killed a crocodile
   585 | Sewer    | Reached XP level 4. HP: 13/24 MP: 7/12
   591 | Sewer    | Learned a level 4 spell: Sticky Flame
   623 | Sewer    | Got a slimy granite ring
   624 | Sewer    | Identified the ring of Wywev {rF+ rN+} (You found it in a sewer)
   837 | D:3      | Reached XP level 5. HP: 20/28 MP: 6/13
  1183 | D:3      | Learned a level 5 spell: Fireball
  1257 | D:3      | You fall through a shaft!
  1365 | D:4      | Reached XP level 6. HP: 16/32 MP: 1/15
  1462 | D:4      | Reached skill level 5 in Spellcasting
  1549 | D:5      | Entered Level 5 of the Dungeon
  1597 | D:6      | Reached skill level 5 in Conjurations
  1597 | D:6      | Reached skill level 5 in Fire Magic
  1607 | D:6      | Noticed Edmund
  1618 | D:6      | Reached XP level 7. HP: 23/37 MP: 1/16
  1725 | D:5      | Noticed Blork the orc
  1738 | D:5      | Found a blossoming altar of Fedhas.
  1770 | D:5      | Killed Blork the orc
  1826 | D:5      | Found Suriam's Quality Used Wands.
  1852 | D:5      | Learned a level 3 spell: Inner Flame
  1856 | D:5      | Found Huwon's Gadget Emporium.
  2226 | D:4      | Reached skill level 1 in Fighting
  2259 | D:4      | Reached skill level 5 in Dodging
  2582 | D:6      | Killed Edmund
  2582 | D:6      | Reached skill level 6 in Spellcasting
  2582 | D:6      | Reached XP level 8. HP: 27/43 MP: 0/19
  2805 | D:7      | Found a staircase to the Ecumenical Temple.
  2813 | Temple   | Entered the Ecumenical Temple
  2832 | Temple   | Became a worshipper of Vehumet
  2905 | D:8      | Found a staircase to the Lair.
  2908 | D:8      | Noticed a spiny frog
  2908 | D:8      | Noticed a spiny frog
  2908 | D:8      | Noticed a spiny frog
  3025 | D:7      | Killed a spiny frog
  3342 | D:8      | Noticed a hill giant
  3364 | D:7      | Reached skill level 7 in Spellcasting
  3759 | D:7      | Reached XP level 9. HP: 15/48 MP: 9/21
  4304 | D:8      | Found an iron altar of Okawaru.
  4359 | D:8      | Reached skill level 8 in Spellcasting
  4371 | D:8      | Reached * piety under Vehumet
  4371 | D:8      | Offered knowledge of Freeze by Vehumet.
  4395 | D:8      | Killed a spiny frog
  4453 | D:8      | Killed a spiny frog
  4453 | D:8      | Reached skill level 9 in Spellcasting
  4592 | D:8      | Killed a hill giant
  4592 | D:8      | Reached skill level 10 in Spellcasting
  4592 | D:8      | Reached XP level 10. HP: 54/54 MP: 9/26
  4643 | Lair:1   | Entered Level 1 of the Lair of Beasts
  4827 | Lair:1   | Noticed a black mamba
  4838 | Lair:1   | Killed a black mamba
  4838 | Lair:1   | Reached skill level 11 in Spellcasting
  4968 | Lair:3   | Noticed a spiny frog
  4970 | Lair:3   | Noticed a black mamba
  4976 | Lair:3   | Killed a spiny frog
  4976 | Lair:3   | Reached skill level 12 in Spellcasting
  4980 | Lair:3   | Killed a black mamba
  4990 | Lair:3   | Noticed Gorfmaster's ghost (journeyman TrMo)
  5059 | Lair:3   | Noticed a spiny frog
  5070 | Lair:3   | Killed a spiny frog
  5230 | Lair:3   | Found a staircase to the Snake Pit.
  5230 | Lair:3   | Found a burning altar of Makhleb.
  5263 | Lair:3   | Reached skill level 13 in Spellcasting
  5267 | Lair:3   | Noticed a six-headed hydra
  5445 | Lair:3   | Killed a six-headed hydra
  5445 | Lair:3   | Reached XP level 11. HP: 60/60 MP: 17/30
  5474 | Lair:4   | Noticed a six-headed hydra
  5548 | Lair:3   | Found a staircase to the Shoals.
  5555 | Lair:4   | Reached ** piety under Vehumet
  5555 | Lair:4   | Offered knowledge of Sandblast by Vehumet.
  5615 | Lair:4   | Reached skill level 10 in Dodging
  5634 | Lair:4   | Noticed a death yak
  5634 | Lair:4   | Noticed a death yak
  5660 | Lair:4   | Killed a death yak
  5673 | Lair:3   | Killed a death yak
  5673 | Lair:3   | Reached skill level 14 in Spellcasting
  5673 | Lair:3   | Reached skill level 1 in Evocations
  5770 | Lair:4   | Noticed a death yak
  5771 | Lair:4   | Noticed a death yak
  5774 | Lair:4   | Noticed a death yak
  5781 | Lair:4   | Noticed a death yak
  5783 | Lair:4   | Noticed a death yak
  5789 | Lair:4   | Mangled by a death yak

Vault maps used:
D:1:      minmay_arrival_stone_box
D:2:      nicolae_overflow_hidden_temple, lemuel_crystal_altar,
          lemuel_old_faithful, uniq_sigmund
D:3:      portal_sewer_entry_b, minmay_joined_circles, uniq_iyjb
D:5:      fedhas_altar_3, serial_shops, shop, first_bread,
          nicolae_for_you_no_charge, uniq_blork_the_orc
D:6:      lemuel_ice_spiral_2, uniq_edmund
D:7:      basic_altar, centaur_isle
D:8:      minmay_separated_statues, marbit_many_paths, old_standard_altar,
          old_standard_altar, dpeg_lair_monsters, uniq_erica
Temple:   oiseaux_autumnal_temple
Lair:2:   beast_lair_carwin_large_1, minivault_27
Lair:3:   elwin_shoals_entry_rocks, dummy_snake_entry, basic_altar,
          fungi_pond_lemuel, wad_woods_01
Lair:4:   gammafunk_lair_bear_cave, st_stairs_4, grunt_forest_large_clearings
Sewer:    sewer_the_crocodile

Skill      XL: |  1  2  3  4  5  6  7  8  9 10 11 |
---------------+----------------------------------+-----
Conjurations   | 3 4 5 6 7 8 |  8.4
Fire Magic     | 4 5 6 7 8 |  8.3
Spellcasting   | 4 5 6 7 10 13 14 | 14.1
Dodging        | 3 4 5 6 7 9 10 | 10.6
Fighting       | 1 2 3 |  3.3
Evocations     | 1 |  1.0
Stealth        | |  2.4

Action                   |  1- 3 |  4- 6 |  7- 9 | 10-12 || total
-------------------------+-------+-------+-------+-------++-------
Melee: Short sword       |     4 |     1 |    25 |    39 ||    69
       Trident           |       |    57 |   108 |       ||   165
 Cast: Flame Tongue      |    51 |    61 |    94 |    42 ||   248
       Sticky Flame      |       |    10 |    24 |    36 ||    70
       Conjure Flame     |       |     3 |     6 |     1 ||    10
       Fireball          |       |       |    11 |     8 ||    19
Evoke: Wand              |       |       |     1 |     4 ||     5
  Use: Scroll            |     7 |     2 |     1 |     2 ||    12
       Potion            |     1 |     1 |     3 |     1 ||     6
 Stab: Sleeping          |       |       |     1 |     2 ||     3
  Eat: Chunk             |       |     4 |     4 |     3 ||    11
       Pizza             |       |       |     1 |       ||     1
       Meat ration       |       |       |     2 |       ||     2
       Beef jerky        |       |       |     1 |       ||     1
Armor: Robe              |     5 |    26 |    77 |    22 ||   130
       Skin              |       |       |    23 |     8 ||    31
Dodge: Dodged            |    17 |    75 |   147 |    83 ||   322
